 Dungeon Crawl Stone Soup version 0.31-a0-1576-ga3383bade6 (webtiles) character file.

Game seed: 10022806785330751401

287 Flugslaktarn the Trooper (level 6, -14/55 (56) HPs)
             Began as a Minotaur Fighter on Jan 4, 2024.
             Demolished by an ogre
             ... wielding a +0 giant club
              (21 damage)
             ... on level 4 of the Dungeon.
             The game lasted 00:01:15 (2334 turns).

Flugslaktarn the Trooper (Minotaur Fighter)         Turns: 2334, Time: 00:01:15

HP:   -14/55 (56)   AC: 10    Str: 22    XL:     6   Next: 8%
MP:   5/5           EV:  8    Int:  5    God:
Gold: 205           SH:  4    Dex: 10    Spells: 5/5 levels left

rFire   . . .        a - +0 war axe
rCold   . . .        c - +0 buckler
rNeg    . . .        w - +0 chain mail
rPois   .            (helmet restricted)
rElec   .            (no cloak)
rCorr   .            e - +0 pair of gloves
SInv    +            (no boots)
Will    .....        s - amulet of regeneration Stlth
                     i - ring of see invisible
HPRegen 1.09/turn    (no ring)
MPRegen 0.09/turn

%: no passive effects
@: lightly drained
A: horns 2, retaliatory headbutt
a: no special abilities


You were on level 4 of the Dungeon.
You visited 1 branch of the dungeon, and saw 4 of its levels.

You collected 205 gold pieces.

Inventory:

Hand Weapons
 a - a +0 war axe (weapon)
Armour
 b - a +0 scale mail
 c - a +0 buckler (worn)
 e - a +0 pair of gloves (worn)
   (You found it on level 1 of the Dungeon)
 w - a +0 chain mail (worn)
   (You found it on level 1 of the Dungeon)
Jewellery
 i - a ring of see invisible (left hand)
   (You found it on level 4 of the Dungeon)
 s - an amulet of regeneration (around neck)
   (You found it on level 3 of the Dungeon)
Wands
 r - a wand of charming (12)
   (You found it on level 3 of the Dungeon)
Scrolls
 h - 3 scrolls of teleportation {unknown}
 l - 3 scrolls of poison {unknown}
 p - a scroll of immolation {unknown}
 q - a scroll of enchant weapon {unknown}
 t - a scroll of identify {unknown}
 v - a scroll of amnesia {unknown}
Potions
 d - a potion of might
 f - a potion of attraction {unknown}
 g - 4 potions of curing {unknown}
 j - 2 potions of heal wounds {unknown}
 k - 2 potions of enlightenment {unknown}
 m - 4 potions of degeneration {unknown}
 n - a potion of berserk rage {unknown}
 o - a potion of invisibility {unknown}
 u - 2 potions of ambrosia {unknown}


   Skills:
 * Level 5.6 Fighting
 * Level 4.9 Axes
 + Level 4.6 Armour
 + Level 4.6 Shields


You had 5 spell levels left.
You didn't know any spells.
Your spell library contained the following spells:

 Spells                   Type           Power      Damage    Failure   Level
 Frozen Ramparts          Ice            0%         1d1       100%        3
 Leda's Liquefaction      Alch/Erth      0%         N/A       100%        4
 Petrify                  Alch/Erth      0%         N/A       100%        4
 Metabolic Englaciation   Hex/Ice        0%         N/A       100%        5


Dungeon Overview and Level Annotations

Branches:
Dungeon (4/15)
 Temple: D:4-7

Altars:
Hepliaklqana


Innate Abilities, Weirdness & Mutations

You have a pair of horns on your head.
You reflexively headbutt those who attack you in melee.


Message History

You hear the quick rusting of a very distant drain.
You see here a +0 ring mail.
k - 2 murky brown potions (gained 1)
Found 4 stones.
Found a leather armour.
You hear the rapid rusting of a drain nearby.
v - a scroll labelled WOLLUI KALEW No target in view!
No target in view!
No target in view!
No target in view!
No target in view!
No target in view!
You hear the rapid rusting of a drain nearby.
You hear the rapid rusting of a distant drain.
You hear the rapid rusting of a very distant drain.
You hear the drain falling apart.
The walls and floor vibrate strangely for a moment.
There is a stone staircase leading up here.
Found a stone staircase leading up.
No target in view!
There is a stone staircase leading up here.
An adder comes into view.
The adder hisses angrily.
You enter the shallow water.
Moving in this stuff is going to be slow.
The adder barely misses you.
An adder is nearby!
An adder is nearby!
You hit the adder.
The adder is lightly wounded.
The adder barely misses you. You furiously retaliate!
You headbutt the adder!
You kill the adder!
No target in view!
No target in view!
No target in view!
No target in view!
You enter the shallow water.
Moving in this stuff is going to be slow.
Done exploring.
Done exploring.
Done exploring.
There is a stone staircase leading up here.
There is a stone staircase leading up here.
There is a stone staircase leading down here.
You climb downwards.
Found a golden ring and 10 gold pieces.
There is a stone staircase leading up here.
Unknown command.
A giant cockroach comes into view.
A giant cockroach is nearby!
The giant cockroach bites you but does no damage. x2
You hit the giant cockroach. You headbutt the giant cockroach.
You kill the giant cockroach!
No target in view!
No target in view!
No target in view!
No target in view!
i - a ring of see invisible;
w - a +0 chain mail (worn)
i - a ring of see invisible (left hand) Unknown command.
Found a stone staircase leading down.
You now have 200 gold pieces (gained 10).
You now have 205 gold pieces (gained 5).
Found a robe.
An ogre comes into view. It is wielding a +0 giant club.
The ogre shouts!
Found a stone staircase leading up.
You block the ogre's attack.
You slash the ogre!
The ogre is moderately wounded.
The ogre hits you with a +0 giant club.
You slash the ogre!
The ogre is severely wounded.
The ogre hits you with a +0 giant club!
You barely miss the ogre.
The ogre is severely wounded.
The ogre hits you with a +0 giant club!
You barely miss the ogre.
The ogre is severely wounded.
You block the ogre's attack.
You barely miss the ogre.
The ogre is severely wounded.
You slash the ogre!
The ogre is almost dead.
The ogre completely misses you.
You barely miss the ogre. Your headbutt misses the ogre.
The ogre is almost dead.
The ogre hits you with a +0 giant club!!
Ouch! That really hurt!
* * * LOW HITPOINT WARNING * * *
Unknown command.
You barely miss the ogre.
The ogre is almost dead.
The ogre hits you but does no damage.
Unknown command.
You barely miss the ogre. Your headbutt misses the ogre.
The ogre is almost dead.
The ogre hits you with a +0 giant club!!
You die...

.......#.....#
..####......# ##......#
##### #.......#
###8..### #.......#
#8.....8# ##.......#
#.#...[...## #........#
.<8........####.#......#
......O@....##..#......#
##8....?..8.....#......#
##............##......#
#8.....8......#.......
##.8.8......###.......
#.......##..# .......
#..#######..... ..#
#..... #......


You could see an ogre.

Vanquished Creatures
  Grinder (D:3)
  2 adders
  2 ribbon worms
  2 dart slugs (D:2)
  6 endoplasms
  5 giant cockroaches
  8 goblins
  6 hobgoblins
  5 quokkas
  2 ball pythons (D:1)
  6 bats
  3 frilled lizards
  11 kobolds
  4 rats
63 creatures vanquished.

Notes
Turn   | Place    | Note
-------+----------+-------------------------------------------
     0 | D:1      | Flugslaktarn the Minotaur Fighter began the quest for the
                  | Orb.
     0 | D:1      | Reached XP level 1. HP: 19/19 MP: 0/0
   165 | D:1      | Reached XP level 2. HP: 27/27 MP: 1/1
   221 | D:1      | Reached skill level 4 in Fighting
   314 | D:1      | You fall into a shaft and drop 1 floor!
   379 | D:2      | Reached XP level 3. HP: 33/33 MP: 2/2
  1170 | D:1      | Reached XP level 4. HP: 41/41 MP: 3/3
  1619 | D:3      | Noticed Grinder
  1625 | D:3      | Paralysed by Grinder for 4 turns
  1639 | D:3      | Killed Grinder
  1640 | D:3      | Reached skill level 5 in Fighting
  1640 | D:3      | Reached XP level 5. HP: 42/49 MP: 4/4
  1640 | D:3      | Reached XP level 6. HP: 49/56 MP: 5/5
  1892 | D:3      | Found a hazy altar of Hepliaklqana.
  2334 | D:4      | Demolished by an ogre

Illustrated notes

Levels and vault maps discovered:
D:1:      dpeg_arrival_rooms_with_view, layout_basic, minmay_misc_feat_room,
          minmay_split_cup_small
D:2:      layout_loops_ring, kennysheep_generic_room_9
D:3:      layout_loops_ring, nicolae_hepliaklqana_hippocampus,
          portal_sewer_entry_d, hangedman_decor_slide_cut, uniq_grinder
D:4:      layout_cave_pods, serial_column_ruins, column_ruins_circle_medium,
          column_ruins_circle_medium, column_ruins_columns_straight,
          column_ruins_grid_1, column_ruins_open_tiny,
          column_ruins_columns_straight, column_ruins_columns_straight,
          kennysheep_generic_room_13, uniq_sigmund

Skill      XL: |  1  2  3  4 |
---------------+-------------+-----
Fighting       | 4 5 |  5.6
Axes           | 3 4 |  4.9
Armour         | 4 |  4.6
Shields        | 4 |  4.6

Action                     |  1- 3 |  4- 6 || total
---------------------------+-------+-------++-------
  Melee: War axe           |    84 |    48 ||   132
         Headbutt          |     9 |     6 ||    15
 Armour: Scale mail        |    12 |       ||    12
         Chain mail        |    40 |    35 ||    75
  Dodge: Dodged            |    33 |    16 ||    49
  Block: Buckler           |    25 |     7 ||    32

Table legend: (Time is in decaauts)
 A = Elapsed time spent in this place.
 B = Non-inter-level travel time spent in this place.
 C = Inter-level travel time spent in this place.
 D = Time resting spent in this place.
 E = Time spent auto-exploring this place.
 F = Levels seen in this place.
 G = Mean time per level.
                   A        B        C        D        E       F      G
               +--------+--------+--------+--------+--------+-----+--------+
         Total |   2383 |   2242 |    141 |      0 |   1817 |   4 |  595.8 |
       Dungeon |   2383 |   2242 |    141 |      0 |   1817 |   4 |  595.8 |
               +--------+--------+--------+--------+--------+-----+--------+

Top non-repeatable levels by time:
     D:3: 874 daAuts
     D:1: 795 daAuts
     D:2: 645 daAuts
     D:4: 67 daAuts
